 Dungeon Crawl Stone Soup version 0.29.1-15-g9cfb28693d (webtiles) character file.

Game seed: 13881767113853353435

317 PhantomBowie the Trooper (level 6, 0/58 HPs)
             Began as a Gargoyle Berserker on Mar 2, 2023.
             Was a Believer of Trog.
             Slain by an orc priest
             ... wielding a +0 trident
              (5 damage)
             ... on level 4 of the Dungeon on Mar 3, 2023.
             The game lasted 00:10:19 (3891 turns).

PhantomBowie the Trooper (Gargoyle Berserker)       Turns: 3891, Time: 00:10:20

Health: 0/58       AC: 13    Str: 23    XL:     6   Next: 44%
Magic:  6/6        EV:  8    Int:  7    God:    Trog [**....]
Gold:   207        SH:  5    Dex:  9    Spells: 5/5 levels left

rFire   . . .      SeeInvis .   a - +0 mace
rCold   . . .      Faith    .   (no shield)
rNeg    + . .      Spirit   .   k - +0 chain mail
rPois   ∞          Reflect  +   (no helmet)
rElec   +          Harm     .   (no cloak)
rCorr   .          Rampage  .   (no gloves)
Will    .....                   (no boots)
Stlth   ..........              m - amulet of reflection
HPRegen 0.19/turn               (no ring)
MPRegen 0.10/turn               (no ring)

@: berserking, very quick
A: sickness immunity, AC +4, negative energy resistance 1, electricity
resistance, torment resistance 1, petrification resistance
a: Renounce Religion, Berserk, Trog's Hand


You were on level 4 of the Dungeon.
You worshipped Trog.
Trog was pleased with you.
You visited 1 branch of the dungeon, and saw 4 of its levels.

You collected 207 gold pieces.

Inventory:

Hand Weapons
 a - a +0 mace (weapon)
Armour
 k - a +0 chain mail (worn)
 t - a +0 cloak
Jewellery
 m - an amulet of reflection (around neck)
Wands
 l - a wand of iceblast (9)
Scrolls
 c - a scroll of vulnerability {unknown}
 d - 2 scrolls of magic mapping {unknown}
 h - 2 scrolls of amnesia {unknown}
 n - a scroll of fog {unknown}
 o - a scroll of enchant weapon {unknown}
 p - a scroll of identify {unknown}
Potions
 b - a potion of ambrosia {unknown}
 e - 2 potions of magic {unknown}
 f - 3 potions of curing {unknown}
 g - a potion of flight {unknown}
 i - a potion of heal wounds
 j - a potion of degeneration {unknown}
 q - a potion of mutation {unknown}
 r - a potion of resistance {unknown}


   Skills:
 + Level 4.7 Fighting
 + Level 4.3 Maces & Flails
 + Level 4.0 Armour
 + Level 3.0 Dodging


You had 5 spell levels left.
You didn't know any spells.
Your spell library was empty.

Dungeon Overview and Level Annotations

Branches:
Dungeon (4/15)
 Temple: D:4-7

Altars:


Innate Abilities, Weirdness & Mutations

You are immune to sickness and miasma.
Your stone body is resilient. (AC +4)
You are immune to poison.
You resist negative energy. (rN+)
You are resistant to electric shocks. (rElec)
You are resistant to unholy torment.
You are immune to petrification.


Message History

The orc priest hits you but does no damage.
You miss the adder.
The adder is heavily wounded.
The adder bites you but does no damage.
The orc priest hits you from afar with a +0 trident!
* * * LOW HITPOINT WARNING * * *
The adder bites you but does no damage.
You miss the adder.
The adder is heavily wounded.
You block the adder's attack.
The orc priest hits you but does no damage.
Unknown command.
You thump the adder!
You kill the adder!
Trog accepts your kill. The orc priest closely misses you.
Your Dodging skill increases to level 3!
You hit the orc.
The orc is moderately wounded.
The orc hits you but does no damage.
The orc priest hits you but does no damage.
The orc priest closely misses you. The orc hits you but does no damage.
You closely miss the orc.
The orc is moderately wounded.
You block the orc's attack.
The orc priest hits you but does no damage.
You hit the orc but do no damage.
The orc is moderately wounded.
The orc hits you with a +0 hand axe.
* * * LOW HITPOINT WARNING * * *
You block the orc priest's attack.
A red film seems to cover your vision as you go berserk!
You feel yourself moving faster!
You feel mighty! The orc hits you but does no damage.
The orc priest barely misses you.
You barely miss the orc.
The orc is moderately wounded.
The orc hits you with a +0 hand axe.
* * * LOW HITPOINT WARNING * * *
The orc priest hits you from afar with a +0 trident.
You die...

### ###.# #.. ....
######.# #... ...##.#
#..######.##.#### ####
#..##.o....o....# #...
#..##.###.##o##.# # #.##
# ##...#.# #.##@##.###.#
####.##
...#......###.##........#
#......
........o....S######.####
#.##.## ##.###o########
#.# #.##.## # #.#
####.#### #.##... #S#
#.......# #.##### #'#
#.#####.# #.##### .o. #
#.# #<..... ...o. #.#
#######


You could see an orc priest and an orc.

Vanquished Creatures
  An ogre (D:2)
  Crazy Yiuf (D:3)
  Terence (D:2)
  Natasha (thrice) (D:2)
  4 adders
  3 worms
  3 dart slugs
  3 orcs
  2 ball pythons
  6 endoplasms
  4 giant cockroaches
  4 goblins
  3 hobgoblins
  3 jackals (D:1)
  5 quokkas
  5 bats
  3 frilled lizards
  2 kobolds (D:1)
  3 rats (D:1)
59 creatures vanquished.

Notes
Turn   | Place    | Note
-------+----------+-------------------------------------------
     0 | D:1      | PhantomBowie the Gargoyle Berserker began the quest for the
                  | Orb.
     0 | D:1      | Reached XP level 1. HP: 14/14 MP: 1/1
     2 | D:1      | You fall into a shaft and drop 1 floor!
     2 | D:2      | Found a faded altar of an unknown god.
   385 | D:1      | Reached XP level 2. HP: 19/19 MP: 2/2
  1074 | D:2      | Reached ** piety under Trog
  1075 | D:2      | Reached XP level 3. HP: 23/23 MP: 3/3
  1175 | D:2      | Noticed an ogre
  1179 | D:2      | Killed an ogre
  1180 | D:2      | Reached XP level 4. HP: 29/29 MP: 4/4
  1214 | D:2      | Noticed Terence
  1231 | D:2      | Killed Terence
  1232 | D:2      | Reached XP level 5. HP: 3/33 MP: 5/5
  1676 | D:2      | Noticed Natasha
  1689 | D:2      | Killed Natasha
  1958 | D:2      | Noticed Natasha
  1968 | D:2      | Killed Natasha
  2386 | D:2      | Noticed Natasha
  2404 | D:2      | Killed Natasha
  2405 | D:2      | Reached XP level 6. HP: 18/39 MP: 6/6
  3025 | D:3      | Found a runed translucent door.
  3026 | D:3      | Noticed Crazy Yiuf
  3700 | D:3      | Killed Crazy Yiuf
  3891 | D:4      | Slain by an orc priest

Illustrated notes

Levels and vault maps discovered:
D:1:      minmay_arrival_four_circles, layout_basic
D:2:      layout_basic, shapermc_ecumenical_altar_starsandcircs, uniq_natasha,
          uniq_terence
D:3:      layout_basic, uniq_crazy_yiuf_cottage
D:4:      layout_loops_corners

Skill      XL: |  1  2  3  4  5  6 |
---------------+-------------------+-----
Fighting       | 4 |  4.7
Armour         | 3 4 |  4.0
Dodging        | 2 3 |  3.0
Maces & Flails | 4 |  4.3

Action                   |  1- 3 |  4- 6 || total
-------------------------+-------+-------++-------
Melee: Mace              |    59 |   181 ||   240
       Punch             |     1 |     2 ||     3
Invok: Berserk           |     1 |     1 ||     2
 Stab: Sleeping          |     1 |     2 ||     3
Armor: Animal skin       |    18 |     6 ||    24
       Chain mail        |       |    82 ||    82
Dodge: Dodged            |    35 |    81 ||   116
Block: Other             |       |    43 ||    43
